TOP OF THE 1ST |
Danville Braves batting - Pitching for Washington (APP) Nationals : RHP Gary Simmons
|
Pitching: RHP Gary Simmons
|
|
Batting: SHB Ian Arlotta
|
0-0: Ball 1-0: Ball 2-0: Ball 3-0: Base on Balls
|
Batting: RHB Zach Hulme
|
0-0: Called Strike Ian Arlotta steals 2nd base 0-1: Foul Ball, location: 2F 0-2: Ball 1-2: Fly out, F8 (Flyball, 8LM, EV 85.6 MPH)
|
Batting: LHB Alexis Cantu
|
0-0: Called Strike 0-1: Swinging Strike 0-2: Ball 1-2: Strikes out swinging
|
Batting: RHB Jose Ramos
|
0-0: Fly out, F6 (Line Drive, 6, EV 71.9 MPH)
|
Top of the 1st over - 0 runs, 0 hits, 0 errors, 1 left on base; Danville 0 - Washington (APP) 0 |
BOTTOM OF THE 1ST |
Washington (APP) Nationals batting - Pitching for Danville Braves : RHP Chris Hawkins
|
Pitching: RHP Chris Hawkins
|
|
Batting: RHB Jim Miske
|
0-0: Called Strike 0-1: Ball 1-1: Ball 2-1: Ball 3-1: Base on Balls
|
Batting: RHB Nick Moreno
|
0-0: Ball Jim Miske steals 2nd base 1-0: Ball 2-0: Ball 3-0: Base on Balls
|
Batting: RHB Kevin Whitenack
|
0-0: Called Strike 0-1: Ball 1-1: Ball 2-1: Ball 3-1: Swinging Strike 3-2: Strikes out swinging
|
Batting: RHB Jesus Malave
|
0-0: Ball 1-0: Foul Ball, location: 2F 1-1: Called Strike 1-2: Ball 2-2: Fly out, F7 (Flyball, 7S, EV 83.1 MPH)
|
Batting: RHB John Savard
|
0-0: Called Strike 0-1: Swinging Strike 0-2: Ball 1-2: Strikes out swinging
|
Bottom of the 1st over - 0 runs, 0 hits, 0 errors, 2 left on base; Danville 0 - Washington (APP) 0 |
TOP OF THE 2ND |
Danville Braves batting - Pitching for Washington (APP) Nationals : RHP Gary Simmons
|
Batting: RHB Yojiro Hayashi
|
0-0: Ball 1-0: Called Strike 1-1: Called Strike 1-2: Strikes out looking
|
Batting: RHB Armando Moz
|
0-0: SOLO HOME RUN (Flyball, 7D, EV 106.9 MPH), Distance : 407 ft
|
Batting: RHB Adonis Jenifer
|
0-0: Called Strike 0-1: Foul Ball, location: 2F 0-2: Ball 1-2: Foul Ball, location: 2F 1-2: Ball 2-2: Ball 3-2: Foul Ball, location: 2F 3-2: Foul Ball, location: 2F 3-2: Fly out, F8 (Flyball, 8RM, EV 85.0 MPH)
|
Batting: RHB Ingidayehu Lagat
|
0-0: Called Strike 0-1: Called Strike 0-2: Ball 1-2: Strikes out swinging
|
Top of the 2nd over - 1 run, 1 hit, 0 errors, 0 left on base; Danville 1 - Washington (APP) 0 |
BOTTOM OF THE 2ND |
Washington (APP) Nationals batting - Pitching for Danville Braves : RHP Chris Hawkins
|
Batting: RHB Jon Buscher
|
0-0: Ball 1-0: Ball 2-0: SINGLE (Groundball, 6MD, EV 94.4 MPH)
|
Batting: RHB Steve Bauman
|
0-0: Ball 1-0: Ball 2-0: SINGLE (Flyball, 4D, EV 89.4 MPH) Jon Buscher to second
|
Batting: RHB Derek Moran
|
0-0: Ball 1-0: Fielders Choice at 2nd, 5-4 (Groundball, 56, EV 78.8 MPH) Jon Buscher to third
|
Batting: RHB Brian Walker
|
0-0: Called Strike Derek Moran steals 2nd base 0-1: Ground out 5-3 (Groundball, 56, EV 102.5 MPH) Jon Buscher scores
|
Batting: RHB Jim Miske
|
0-0: Ball 1-0: Ball 2-0: Called Strike 2-1: Ball 3-1: Base on Balls
|
Batting: RHB Nick Moreno
|
0-0: Called Strike 0-1: Ball 1-1: Ball 2-1: Fly out, F5 (Line Drive, 5, EV 71.9 MPH)
|
Bottom of the 2nd over - 1 run, 2 hits, 0 errors, 2 left on base; Danville 1 - Washington (APP) 1 |
TOP OF THE 3RD |
Danville Braves batting - Pitching for Washington (APP) Nationals : RHP Gary Simmons
|
Batting: RHB Miguel Vazquez
|
0-0: Ball 1-0: Ball 2-0: Called Strike 2-1: Swinging Strike 2-2: Foul Ball, location: 2F 2-2: Strikes out swinging
|
Batting: SHB Ian Arlotta
|
0-0: Ball 1-0: Swinging Strike 1-1: Ball 2-1: Called Strike 2-2: Ground out U3 (Groundball, 34S, EV 66.9 MPH)
|
Batting: RHB Zach Hulme
|
0-0: Ball 1-0: Ground out 6-3 (Groundball, 6, EV 88.1 MPH)
|
Top of the 3rd over - 0 runs, 0 hits, 0 errors, 0 left on base; Danville 1 - Washington (APP) 1 |
BOTTOM OF THE 3RD |
Washington (APP) Nationals batting - Pitching for Danville Braves : RHP Chris Hawkins
|
Batting: RHB Kevin Whitenack
|
0-0: Ball 1-0: Ball 2-0: Ball 3-0: Called Strike 3-1: Fly out, F8 (Flyball, 8LD, EV 86.9 MPH)
|
Batting: RHB Jesus Malave
|
0-0: Foul Ball, location: 2F 0-1: Ball 1-1: Called Strike 1-2: Ground out 4-3 (Groundball, 34, EV 81.9 MPH)
|
Batting: RHB John Savard
|
0-0: Ball 1-0: Swinging Strike 1-1: DOUBLE (Line Drive, 7LM, EV 105.6 MPH)
|
Batting: RHB Jon Buscher
|
0-0: Ball 1-0: Ball 2-0: Called Strike 2-1: Swinging Strike 2-2: Foul Ball, location: 2F 2-2: Foul Ball, location: 2F 2-2: Ball 3-2: SINGLE (Groundball, 34D, EV 107.5 MPH) John Savard to third Runner from 3rd tries for Home, SAFE, throw by RF to home
|
Batting: RHB Steve Bauman
|
0-0: Foul Ball, location: 2F 0-1: Foul Ball, location: 2F 0-2: Foul Ball, location: 2F 0-2: Ball 1-2: Fly out, F8 (Flyball, 8LM, EV 90.0 MPH)
|
Bottom of the 3rd over - 1 run, 2 hits, 0 errors, 1 left on base; Danville 1 - Washington (APP) 2 |
TOP OF THE 4TH |
Danville Braves batting - Pitching for Washington (APP) Nationals : RHP Gary Simmons
|
Batting: LHB Alexis Cantu
|
0-0: Swinging Strike 0-1: Ball 1-1: Ball 2-1: Foul Ball, location: 2F 2-2: DOUBLE (Groundball, 5L, EV 108.1 MPH)
|
Batting: RHB Jose Ramos
|
0-0: Ground out 4-3 (Groundball, 4M, EV 85.6 MPH) Alexis Cantu to third
|
Batting: RHB Yojiro Hayashi
|
0-0: Called Strike 0-1: Foul Ball, location: 2F 0-2: Ball 1-2: Ball 2-2: Strikes out swinging
|
Batting: RHB Armando Moz
|
0-0: Foul Ball, location: 2F 0-1: Ball 1-1: Ball 2-1: Ball 3-1: Base on Balls
|
Batting: RHB Adonis Jenifer
|
0-0: Ball 1-0: Ball 2-0: Fly out, F8 (Flyball, 8RS, EV 80.6 MPH)
|
Top of the 4th over - 0 runs, 1 hit, 0 errors, 2 left on base; Danville 1 - Washington (APP) 2 |
BOTTOM OF THE 4TH |
Washington (APP) Nationals batting - Pitching for Danville Braves : RHP Chris Hawkins
|
Batting: RHB Derek Moran
|
0-0: SINGLE (Line Drive, 7S, EV 110.0 MPH)
|
Batting: RHB Brian Walker
|
0-0: Called Strike Derek Moran steals 2nd base 0-1: Called Strike 0-2: Strikes out looking
|
Batting: RHB Jim Miske
|
0-0: Ball Derek Moran steals 3rd base 1-0: Ball 2-0: Foul Ball, location: 2F 2-1: SINGLE (Flyball, 34D, EV 86.2 MPH) Derek Moran scores
|
Batting: RHB Nick Moreno
|
0-0: Ball Jim Miske is caught stealing 2nd base 2-4 1-0: Called Strike 1-1: Ball 2-1: Ball 3-1: Called Strike 3-2: DOUBLE (Line Drive, 9LM, EV 113.8 MPH)
|
Batting: RHB Kevin Whitenack
|
0-0: Called Strike 0-1: Ball 1-1: Ball 2-1: Ball 3-1: Ground out 6-3 (Groundball, P, EV 86.2 MPH)
|
Bottom of the 4th over - 1 run, 3 hits, 0 errors, 1 left on base; Danville 1 - Washington (APP) 3 |
TOP OF THE 5TH |
Danville Braves batting - Pitching for Washington (APP) Nationals : RHP Gary Simmons
|
Batting: RHB Ingidayehu Lagat
|
0-0: Ball 1-0: Ground out 4-3 (Groundball, 4, EV 85.0 MPH)
|
Batting: RHB Miguel Vazquez
|
0-0: Ball 1-0: Foul Ball, location: 2F 1-1: Ball 2-1: Swinging Strike 2-2: Ball 3-2: Base on Balls
|
Batting: SHB Ian Arlotta
|
0-0: Called Strike 0-1: Ball 1-1: Ball 2-1: Swinging Strike 2-2: Strikes out swinging
|
Batting: RHB Zach Hulme
|
0-0: Fly out, F8 (Flyball, 8LXD, EV 101.2 MPH)
|
Top of the 5th over - 0 runs, 0 hits, 0 errors, 1 left on base; Danville 1 - Washington (APP) 3 |
BOTTOM OF THE 5TH |
Washington (APP) Nationals batting - Pitching for Danville Braves : RHP Chris Hawkins
|
Batting: RHB Jesus Malave
|
0-0: Ball 1-0: Swinging Strike 1-1: Ground out 4-3 (Groundball, 4M, EV 85.6 MPH)
|
Batting: RHB John Savard
|
0-0: Ball 1-0: Ground out 5-3 (Groundball, 5L, EV 103.1 MPH)
|
Batting: RHB Jon Buscher
|
0-0: Called Strike 0-1: Called Strike 0-2: Ball 1-2: Foul Ball, location: 2F 1-2: Fly out, F7 (Flyball, 7S, EV 87.5 MPH)
|
Bottom of the 5th over - 0 runs, 0 hits, 0 errors, 0 left on base; Danville 1 - Washington (APP) 3 |
TOP OF THE 6TH |
Danville Braves batting - Pitching for Washington (APP) Nationals : RHP Gary Simmons
|
Batting: LHB Alexis Cantu
|
0-0: Called Strike 0-1: Foul Ball, location: 2F 0-2: Ball 1-2: Ball 2-2: Strikes out swinging
|
Batting: RHB Jose Ramos
|
0-0: Swinging Strike 0-1: Foul Ball, location: 2F 0-2: Foul Ball, location: 2F 0-2: Strikes out looking
|
Batting: RHB Yojiro Hayashi
|
0-0: Swinging Strike 0-1: Swinging Strike 0-2: Strikes out swinging, 2-3 out at first.
|
Top of the 6th over - 0 runs, 0 hits, 0 errors, 0 left on base; Danville 1 - Washington (APP) 3 |
BOTTOM OF THE 6TH |
Washington (APP) Nationals batting - Pitching for Danville Braves : RHP Chris Hawkins
|
Pitching: RHP Jose Santos
|
|
Batting: RHB Steve Bauman
|
0-0: Called Strike 0-1: Ground out 6-3 (Groundball, 56, EV 88.1 MPH)
|
Batting: RHB Derek Moran
|
0-0: Foul Ball, location: 2F 0-1: DOUBLE (Groundball, 3L, EV 107.5 MPH)
|
Batting: RHB Brian Walker
|
0-0: Swinging Strike 0-1: Called Strike Derek Moran steals 3rd base 0-2: Ball 1-2: Strikes out swinging
|
Batting: RHB Jim Miske
|
0-0: Ball 1-0: Swinging Strike 1-1: Ball 2-1: Ball 3-1: Foul Ball, location: 2F 3-2: Base on Balls
|
Batting: RHB Nick Moreno
|
0-0: Fielders Choice at 2nd, 5-4 (Groundball, 56, EV 108.8 MPH)
|
Bottom of the 6th over - 0 runs, 1 hit, 0 errors, 2 left on base; Danville 1 - Washington (APP) 3 |
TOP OF THE 7TH |
Danville Braves batting - Pitching for Washington (APP) Nationals : RHP Gary Simmons
|
Pitching: RHP Chris Bonham
|
|
Batting: RHB Armando Moz
|
0-0: Ground out 4-3 (Groundball, 4, EV 86.9 MPH)
|
Batting: RHB Adonis Jenifer
|
0-0: Ball 1-0: Ball 2-0: Foul Ball, location: 2F 2-1: Foul Ball, location: 2F 2-2: SINGLE (Groundball, 4D, EV 96.2 MPH)
|
Batting: RHB Ingidayehu Lagat
|
0-0: Ball 1-0: Foul Ball, location: 2F 1-1: Ball 2-1: Foul Ball, location: 2F 2-2: Foul Ball, location: 2F 2-2: Hit by Pitch Adonis Jenifer to second
|
Batting: RHB Miguel Vazquez
|
0-0: Called Strike 0-1: Called Strike 0-2: Strikes out swinging
|
Batting: SHB Ian Arlotta
|
0-0: Ball 1-0: Ball 2-0: Foul Ball, location: 2F 2-1: Ball 3-1: Base on Balls Adonis Jenifer to third Ingidayehu Lagat to second
|
Batting: RHB Zach Hulme
|
0-0: Ball 1-0: Called Strike 1-1: Foul Ball, location: 2F 1-2: Ball 2-2: Ball 3-2: Strikes out swinging
|
Top of the 7th over - 0 runs, 1 hit, 0 errors, 3 left on base; Danville 1 - Washington (APP) 3 |
BOTTOM OF THE 7TH |
Washington (APP) Nationals batting - Pitching for Danville Braves : RHP Jose Santos
|
Batting: RHB Kevin Whitenack
|
0-0: Foul Ball, location: 2F 0-1: Ball 1-1: Ball 2-1: Foul Ball, location: 2F 2-2: Strikes out swinging
|
Batting: RHB Jesus Malave
|
0-0: Foul Ball, location: 2F 0-1: Ball 1-1: Ball 2-1: Foul Ball, location: 2F 2-2: Ball 3-2: SINGLE (Groundball, 4MD, EV 103.8 MPH)
|
Batting: RHB John Savard
|
0-0: Called Strike 0-1: Fielders Choice at 2nd, 3-6 (Groundball, 34S, EV 83.1 MPH)
|
Batting: RHB Jon Buscher
|
0-0: Ball John Savard steals 2nd base 1-0: Fly out, F8 (Flyball, 8LD, EV 90.6 MPH)
|
Bottom of the 7th over - 0 runs, 1 hit, 0 errors, 1 left on base; Danville 1 - Washington (APP) 3 |
TOP OF THE 8TH |
Danville Braves batting - Pitching for Washington (APP) Nationals : RHP Chris Bonham
|
Pitching: LHP Johnny Busse
|
|
Batting: LHB Alexis Cantu
|
0-0: Foul Ball, location: 2F 0-1: Called Strike 0-2: Ball 1-2: Ball 2-2: Strikes out swinging
|
Batting: RHB Jose Ramos
|
0-0: Called Strike 0-1: Foul Ball, location: 2F 0-2: Ball 1-2: SINGLE (Groundball, 34S, EV 66.9 MPH) (infield hit)
|
Batting: RHB Yojiro Hayashi
|
0-0: Called Strike 0-1: Ball 1-1: Ball 2-1: Ball 3-1: Base on Balls Jose Ramos to second
|
Batting: RHB Armando Moz
|
0-0: Fly out, F8 (Flyball, 8LD, EV 107.5 MPH)
|
Batting: RHB Adonis Jenifer
|
0-0: Fly out, F6 (Popup, 6, EV 70.6 MPH)
|
Top of the 8th over - 0 runs, 1 hit, 0 errors, 2 left on base; Danville 1 - Washington (APP) 3 |
BOTTOM OF THE 8TH |
Washington (APP) Nationals batting - Pitching for Danville Braves : RHP Jose Santos
|
Pitching: RHP Jeremy Armstrong
|
|
Batting: RHB Steve Bauman
|
0-0: Ball 1-0: Ball 2-0: Called Strike 2-1: SINGLE (Groundball, 56D, EV 96.2 MPH)
|
Batting: RHB Derek Moran
|
0-0: Sac Bunt to 25 - play at first, batter OUT! 5-3 Steve Bauman to second
|
Batting: RHB Brian Walker
|
0-0: Ball 1-0: Foul Ball, location: 2F 1-1: Swinging Strike 1-2: Strikes out swinging
|
Batting: RHB Jim Miske
|
0-0: Ball 1-0: Foul Ball, location: 2F 1-1: Ground out 6-3 (Groundball, 6, EV 103.1 MPH)
|
Bottom of the 8th over - 0 runs, 1 hit, 0 errors, 1 left on base; Danville 1 - Washington (APP) 3 |
TOP OF THE 9TH |
Danville Braves batting - Pitching for Washington (APP) Nationals : LHP Johnny Busse
|
Pitching: RHP Brian Walker
|
|
Batting: RHB Ingidayehu Lagat
|
0-0: Ball 1-0: Ball 2-0: Foul Ball, location: 2F 2-1: Ball 3-1: DOUBLE (Groundball, 5L, EV 104.4 MPH)
|
Batting: RHB Miguel Vazquez
|
0-0: Ball 1-0: Foul Ball, location: 2F 1-1: Called Strike 1-2: Ball 2-2: Strikes out swinging
|
Batting: SHB Ian Arlotta
|
0-0: Ball 1-0: Ground out 6-3 (Groundball, 6, EV 110.0 MPH)
|
Batting: RHB Zach Hulme
|
0-0: Foul Ball, location: 2F 0-1: Foul Ball, location: 2F 0-2: Foul Ball, location: 2F 0-2: Strikes out swinging
|
Top of the 9th over - 0 runs, 1 hit, 0 errors, 1 left on base; Danville 1 - Washington (APP) 3 |
|